 Dungeon Crawl Stone Soup version 0.30-a0-166-g5d06c95188 (webtiles) character file.

Game seed: 1925343468437445327

90296 Decritt the Earth Mage (level 16, -7/101 HPs)
             Began as a Gargoyle Earth Elementalist on Sept 29, 2022.
             Was a High Priest of Vehumet.
             Mangled by a white ugly thing (33 damage)
             ... on level 14 of the Dungeon.
             The game lasted 02:02:45 (36375 turns).

Decritt the Earth Mage (GrEE)                      Turns: 36375, Time: 02:02:45

Health: -7/101     AC: 32    Str: 13    XL:     16   Next: 0%
Magic:  47/47      EV: 25    Int: 32    God:    Vehumet [*****.]
Gold:   1419       SH: 13    Dex: 10    Spells: 21/33 levels left

rFire   + . .      SeeInvis .    f - +8 hand axe of the Stoat {freeze, Int+3}
rCold   . . .      Faith    .    t - +2 kite shield
rNeg    + . .      Spirit   .    y - +2 scale mail of Follow the Leader {Rampage rF+ MP+9}
rPois   ∞          Reflect  .    x - +0 helmet
rElec   +          Harm     .    z - +2 cloak {Will+}
rCorr   .          Rampage  +    a - +1 pair of gloves
Will    ++...                    F - +1 pair of boots
Stlth   ..........               v - amulet of the acrobat
HPRegen 0.26/turn                c - ring of magical power
MPRegen 0.30/turn                g - +6 ring of intelligence

@: acrobatic, flying
A: sickness immunity, AC +12, big wings, negative energy resistance 1,
electricity resistance, torment resistance 1, petrification resistance
a: Renounce Religion


You were on level 14 of the Dungeon.
You worshipped Vehumet.
Vehumet was extremely pleased with you.
You visited 3 branches of the dungeon, and saw 21 of its levels.
You also visited: Gauntlet.

You collected 1419 gold pieces.

Inventory:

Hand Weapons
 f - the +8 hand axe of the Stoat (weapon) {freeze, Int+3}
   (You found it on level 10 of the Dungeon)

   It freezes those it strikes, dealing additional cold damage.
   It can also slow down cold-blooded creatures.
   Int:       It affects your intelligence (+3).
Armour
 a - a +1 pair of gloves (worn)
 t - a +2 kite shield (worn)
 x - a +0 helmet (worn)
 y - the +2 scale mail of Follow the Leader (worn) {Rampage rF+ MP+9}
   (You found it on level 13 of the Dungeon)

   rF:        It protects you from fire.
   MP:        It affects your magic capacity (+9).
   Rampage:   It bestows one free step when moving towards enemies.
 z - a +2 cloak of willpower (worn)
 F - a +1 pair of boots (worn)
 L - +0 acid dragon scales
 N - a +1 chain mail of fire resistance
Magical Staves
 h - a staff of cold
 K - a staff of poison
Jewellery
 c - a ring of magical power (left hand)
 d - a ring of wizardry
 e - a +4 ring of evasion
 g - a +6 ring of intelligence (right hand)
 v - an amulet of the acrobat (around neck)
 w - a ring of positive energy
 A - a ring of willpower
 D - a +6 ring of dexterity
 O - a ring of magical power
Wands
 m - a wand of digging (4)
 n - a wand of paralysis (9)
 o - a wand of roots (25)
 B - a wand of flame (46)
 G - a wand of mindburst (15)
 H - a wand of acid (15)
Scrolls
 i - 4 scrolls of enchant weapon
 k - 2 scrolls of brand weapon
 q - 2 scrolls of fear
 r - 12 scrolls of identify
 s - 5 scrolls of poison
 u - 2 scrolls of enchant armour
 I - a scroll of magic mapping
 M - 2 scrolls of immolation
Potions
 b - 2 potions of magic
 j - 5 potions of curing
 l - 2 potions of haste
 p - 2 potions of mutation
 C - 3 potions of brilliance
 E - a potion of resistance
 J - a potion of cancellation
 P - a potion of ambrosia
 Q - a potion of might


   Skills:
 - Level 12.0 Fighting
 + Level 9.8 Armour
 + Level 7.5 Dodging
 - Level 2.1 Stealth
 - Level 12.0 Shields
 + Level 9.1 Spellcasting
 + Level 13.4 Conjurations
 - Level 0.7 Transmutations
 + Level 16.2 Earth Magic


You had 21 spell levels left.
You knew the following spells:

 Your Spells              Type           Power      Damage    Failure   Level
a - Stone Arrow           Conj/Erth      100%       3d13      1%          3
b - Iron Shot             Conj/Erth      41%        9d8       2%          6
c - Passwall              Tmut/Erth      51%        N/A       1%          2
d - Sandblast             Erth           100%       2d20      1%          1

Your spell library contained the following spells:

 Spells                   Type           Power      Damage    Failure   Level
 Irradiate                Conj/Tmut      28%        3d21      11%         5
 Momentum Strike          Conj/Tloc      100%       3d10      1%          2
 Dazzling Flash           Conj/Hex       100%       N/A       1%          3
 Iskenderun's Battlesphe  Conj           79%        2d13      1%          5
 Lee's Rapid Deconstruct  Erth           43%        3d22*     1%          5
 Fulminant Prism          Conj/Hex       27%        3d14      4%          4
 Iskenderun's Mystic Bla  Conj/Tloc      55%        2d12      4%          4
 Petrify                  Tmut/Erth      62%        N/A       8%          4
 Poisonous Vapours        Pois/Air       28%        N/A       11%         2
 Arcjolt                  Conj/Air       27%        1d37      12%         5
 Frozen Ramparts          Ice            28%        1d5       19%         3
 Kindle Blastsparks       Fire/Tloc/Air  28%        2d12      19%         3
 Necrotise                Necr           56%        1d6       24%         1
 Blink                    Tloc           28%        N/A       36%         2
 Ensorcelled Hibernation  Hex/Ice        28%        N/A       36%         2
 Lesser Beckoning         Tloc           14%        N/A       58%         3
 Swiftness                Air            14%        N/A       58%         3
 Vampiric Draining        Necr           14%        2d7       58%         3
 Ice Form                 Ice/Tmut       16%        N/A       91%         4
 Anguish                  Hex/Necr       7%         N/A       94%         4
 Manifold Assault         Tloc           14%        N/A       94%         4
 Summon Ice Beast         Ice/Summ       14%        N/A       94%         4
 Spellforged Servitor     Conj/Summ      27%        N/A       95%         7
 Agony                    Necr           14%        N/A       100%        5
 Silence                  Hex/Air        7%         N/A       100%        5
 Dispersal                Tloc           7%         N/A       100%        6
 Enfeeble                 Hex            7%         N/A       100%        7
 Disjunction              Tloc           7%         N/A       100%        8
 Cigotuvi's Dreadful Rot  Necr/Pois/Air  Unusable   N/A       N/A         2

Dungeon Overview and Level Annotations

Branches:
Dungeon (15/15)            Temple (1/1) D:4            Lair (5/5) D:11
  Swamp (0/4) Lair:3        Snake (0/4) Lair:2        Slime (0/5) Lair:4
    Orc (0/2) D:9          Vaults (0/5) D:13        Gauntlet (visited)
 Depths: D:15

Altars:
Ashenzari
Cheibriados
Dithmenos
Elyvilon
Fedhas
Gozag
Hepliaklqana
Makhleb
Nemelex Xobeh
Okawaru
Ru
Sif Muna
Trog
Uskayaw
Vehumet
Wu Jian
Xom
Yredelemnul
Zin
The Shining One
Jiyva

Shops:
D:1 [   D:7 (

Portals:
Trove: D:11 (give +3 shadow dragon scales)

Annotations:
D:3 2 transporters
D:4 Dowan, Duvessa
D:9 2 runed translucent doors
D:11 Frances
D:13 exclusion: orange crystal statue
Lair:4 3 runed translucent doors, Dory's ghost, journeyman MeEE


Innate Abilities, Weirdness & Mutations

You are immune to sickness and miasma.
Your stone body is resilient. (AC +12)
You are immune to poison.
Your large and strong wings let you fly.
You resist negative energy. (rN+)
You are resistant to electric shocks. (rElec)
You are resistant to unholy torment.
You are immune to petrification.


Message History

You feel your power returning.
The white ugly thing tentacle-slaps you but does no damage.
You have reached level 16!
You feel clever.
The white ugly thing attacks as you move away!
You block the white ugly thing's attack.
You see here an ugly thing corpse.
The white ugly thing attacks as you move away!
The white ugly thing completely misses you.
You block the white ugly thing's attack.
The white ugly thing attacks as you move away!
The white ugly thing tentacle-slaps you but does no damage.
The white ugly thing attacks as you move away!
You block the white ugly thing's attack.
The white ugly thing attacks as you move away!
The white ugly thing closely misses you.
The white ugly thing attacks as you move away!
The white ugly thing tentacle-slaps you but does no damage.
The white ugly thing attacks as you move away!
You block the white ugly thing's attack.
You block the white ugly thing's attack.
The white ugly thing attacks as you move away!
The white ugly thing barely misses you.
The white ugly thing attacks as you move away!
You block the white ugly thing's attack.
The white ugly thing attacks as you move away!
You block the white ugly thing's attack.
The white ugly thing tentacle-slaps you but does no damage.
The white ugly thing attacks as you move away!
The white ugly thing misses you.
The white ugly thing attacks as you move away!
The white ugly thing completely misses you.
The white ugly thing attacks as you move away!
You block the white ugly thing's attack.
You block the white ugly thing's attack.
The white ugly thing attacks as you move away!
The white ugly thing tentacle-slaps you!
* * * LOW HITPOINT WARNING * * *
The white ugly thing freezes you!!
You die...

####......#.≈♣♣♣≈.≈♣♣♣≈~≈♣♣♣≈.
#######......#.≈≈≈≈≈.≈≈≈≈≈.≈≈≈≈≈.
..............~[~...~~~~~..~~..~.
##############............#.#####
........................#!#.#
.#############..........#.#.#
..........................#.#
.##########################.#####
................@u.z.#...z.......
.########.##########.#.####.#####
.# #.# #.#.#.z.....## .# #.#
#z#.#†##.##... .# #.#
#.#.#>##.##### .# #.#
###.#.#.##.# .# #.# #...#.#.##.#
.########.# #.###.#.##.#####
..........## #.# #z#.##......


You could see a white ugly thing and a skeletal warrior.

Vanquished Creatures
  Azrael (D:12)
  A minotaur (Gauntlet)
  2 crystal guardians (D:13)
  A vault guard (D:13)
  3 hydras
  An ogre mage (D:15)
  Erica (D:8)
  4 catoblepae
  4 two-headed ogres
  4 boulder beetles
  6 centaur warriors
  A deep troll shaman (Lair:5)
  Urug (D:12)
  5 death yaks (Lair:5)
  Nergalle (Lair:1)
  2 skeletal warriors (D:15)
  A wizard (D:15)
  An orc knight (D:15)
  Pikel (D:4)
  A deep elf zephyrmancer (D:15)
  2 orc sorcerers (D:15)
  2 deep elf pyromancers (D:12)
  21 ugly things
  3 manticores
  8 cyclopes
  22 elephants
  7 black mambas
  Maurice (D:8)
  Joseph (D:9)
  A torpor snail (Lair:1)
  A gargoyle (D:10)
  16 cane toads
  Maggie (Lair:2)
  2 freezing wraiths
  7 komodo dragons
  An ice devil (Gauntlet)
  2 kobold demonologists (D:11)
  2 rime drakes
  3 polar bears
  A troll (shapeshifter) (D:13)
  4 trolls
  11 slime creatures
  23 blink frogs
  2 hornets (Gauntlet)
  6 dream sheep
  A centaur simulacrum (D:15)
  10 shadows
  3 water elementals (D:14)
  3 wraiths
  36 yaks
  A vampire (D:12)
  7 basilisks
  2 fire elementals
  Grum (D:9)
  9 vampire mosquitoes
  2 nagas (Lair:2)
  16 water moccasins
  5 hell hounds (D:12)
  8 orc warriors
  Pargi (D:3)
  An ice beast (D:6)
  9 black bears
  5 ogres
  30 wolves
  A boggart (D:12)
  6 centaurs
  Blork the orc (D:6)
  7 kobold brigands
  15 bullfrogs
  4 gnoll sergeants
  A water moccasin zombie (D:4)
  A scorpion (D:3)
  11 wights
  A troll zombie (D:9)
  10 killer bees
  9 howler monkeys
  2 electric eels (D:14)
  2 lava snakes (D:12)
  12 hounds
  4 gnoll boudas
  13 orc priests
  3 jellies
  An iguana (D:7)
  13 orc wizards
  3 scorpion zombies (D:4)
  7 ogre zombies (D:9)
  35 gnolls
  8 adders
  6 white imps
  An ufetubus (D:6)
  An adder zombie (D:4)
  A worm (D:3)
  A dart slug (D:5)
  41 orcs
  11 endoplasms
  3 giant cockroaches
  6 hobgoblins
  8 jackals
  18 kobolds
  3 quokkas
  11 ball pythons
  3 bats
  4 frilled lizards
  4 goblins
  3 goblin skeletons (D:9)
  7 goblin zombies (D:9)
  A hobgoblin zombie (D:9)
  2 orc skeletons (D:9)
  12 orc zombies (D:9)
  4 rats
663 creatures vanquished.

Vanquished Creatures (others)
  2 bushes (Lair:5)
  66 fungi
  119 plants
187 creatures vanquished.

Grand Total: 850 creatures vanquished

Notes
Turn   | Place    | Note
-------+----------+-------------------------------------------
     0 | D:1      | Decritt the Gargoyle Earth Elementalist began the quest for
                  | the Orb.
     0 | D:1      | Reached XP level 1. HP: 10/10 MP: 3/3
    84 | D:1      | Found Voguret's Armour Shop.
   104 | D:1      | Reached XP level 2. HP: 16/16 MP: 1/5
   108 | D:1      | Reached skill level 1 in Fighting
   211 | D:1      | Found a faded altar of an unknown god.
   784 | D:1      | Reached skill level 1 in Conjurations
   927 | D:2      | Reached XP level 3. HP: 20/20 MP: 3/6
   931 | D:2      | Learned a level 3 spell: Stone Arrow
   934 | D:2      | Learned a level 2 spell: Passwall
  1013 | D:2      | Reached skill level 4 in Earth Magic
  1092 | D:2      | Reached XP level 4. HP: 17/26 MP: 4/7
  1519 | D:2      | Found a glowing golden altar of the Shining One.
  1931 | D:3      | Reached XP level 5. HP: 32/32 MP: 6/8
  2016 | D:3      | Found a shadowy altar of Dithmenos.
  2067 | D:3      | Noticed Pargi
  2073 | D:3      | Killed Pargi
  2074 | D:3      | Reached skill level 1 in Shields
  2107 | D:3      | Reached XP level 6. HP: 29/37 MP: 5/10
  2286 | D:3      | Found a glowing silver altar of Zin.
  2286 | D:3      | Found a transporter.
  2286 | D:3      | Noticed an ice beast
  2287 | D:3      | Found an ornate altar of the Wu Jian Council.
  2288 | D:3      | Found a white marble altar of Elyvilon.
  2291 | D:3      | Found a transporter.
  2675 | D:3      | Found a bloodstained altar of Trog.
  3072 | D:4      | Found a staircase to the Ecumenical Temple.
  3096 | Temple   | Entered the Ecumenical Temple
  3137 | Temple   | Became a worshipper of Vehumet
  3181 | D:4      | Noticed Duvessa
  3181 | D:4      | Noticed Dowan
  3279 | D:4      | Found a basalt altar of Yredelemnul.
  3286 | D:4      | Reached skill level 5 in Earth Magic
  3400 | D:4      | Reached XP level 7. HP: 34/44 MP: 3/11
  4503 | D:5      | Entered Level 5 of the Dungeon
  4844 | D:5      | Reached skill level 5 in Fighting
  4983 | D:5      | Noticed Pikel
  5009 | D:4      | Killed Pikel
  5010 | D:4      | Reached skill level 6 in Earth Magic
  5010 | D:4      | Reached XP level 8. HP: 24/51 MP: 5/12
  5304 | D:4      | Reached skill level 5 in Conjurations
  5927 | D:5      | Reached skill level 7 in Earth Magic
  6161 | D:4      | Reached XP level 9. HP: 56/56 MP: 12/14
  6163 | D:4      | Reached skill level 5 in Shields
  6204 | D:5      | Reached * piety under Vehumet
  6204 | D:5      | Offered knowledge of Foxfire by Vehumet.
  7272 | D:6      | Noticed Blork the orc
  7275 | D:6      | Killed Blork the orc
  7352 | D:6      | Found a blossoming altar of Fedhas.
  7352 | D:6      | Found a shimmering altar of Xom.
  7352 | D:6      | Found an iron altar of Okawaru.
  7693 | D:6      | Reached skill level 1 in Armour
  7794 | D:6      | Offered knowledge of Shock by Vehumet.
  8067 | D:6      | Reached ** piety under Vehumet
  8068 | D:6      | Reached skill level 8 in Earth Magic
  8629 | D:6      | Reached XP level 10. HP: 56/63 MP: 0/17
  8830 | D:7      | Found Qoluqeog's Antique Weapon Shoppe.
  8899 | D:7      | Reached skill level 5 in Spellcasting
  8937 | D:7      | Found a broken altar of Ashenzari.
  9095 | D:7      | Identified the +2 ring mail of Tartarus {rElec Str+2}
  9378 | D:8      | Noticed Maurice
  9892 | D:8      | Identified the +0 ring mail of the Slashing Gods {*Slow
                  | rPois Str+7}
  9964 | D:8      | Reached skill level 9 in Earth Magic
  9968 | D:7      | Offered knowledge of Poisonous Vapours by Vehumet.
 10434 | D:8      | Killed Maurice
 10514 | D:8      | Found a hazy altar of Hepliaklqana.
 10911 | D:8      | Noticed Erica
 10929 | D:8      | Killed Erica
 11226 | D:8      | Reached *** piety under Vehumet
 11961 | D:9      | Reached skill level 5 in Armour
 11968 | D:9      | Noticed a cyclops
 12151 | D:9      | Killed a cyclops
 12152 | D:9      | Reached XP level 11. HP: 52/69 MP: 10/20
 12286 | D:9      | Found a large runed translucent door.
 12287 | D:9      | Found a large runed translucent door.
 12374 | D:9      | Noticed a cyclops
 12435 | D:9      | Offered knowledge of Mephitic Cloud by Vehumet.
 12440 | D:9      | Noticed Grum
 12611 | D:9      | Killed Grum
 13047 | D:9      | Reached **** piety under Vehumet
 13054 | D:9      | Found a sparkling altar of Nemelex Xobeh.
 13095 | D:9      | Noticed a two-headed ogre
 13100 | D:9      | Killed a two-headed ogre
 13101 | D:9      | Reached skill level 10 in Earth Magic
 13265 | D:9      | Offered knowledge of Yara's Violent Unravelling by Vehumet.
 13269 | D:9      | Found a staircase to the Orcish Mines.
 13664 | D:9      | Noticed a naga warrior
 13666 | D:9      | Noticed a naga warrior
 13945 | D:9      | Noticed Joseph
 13952 | D:9      | Killed Joseph
 14378 | D:10     | Entered Level 10 of the Dungeon
 14386 | D:10     | Found a hide-covered altar of Uskayaw.
 14428 | D:10     | Reached ***** piety under Vehumet
 14428 | D:10     | Offered knowledge of Iron Shot by Vehumet.
 14544 | D:10     | Learned a level 6 spell: Iron Shot
 14617 | D:10     | Identified the +8 hand axe of the Stoat {freeze, Int+3}
 15170 | D:10     | Noticed a two-headed ogre
 15175 | D:10     | Killed a two-headed ogre
 15650 | D:11     | Found a portal to a secret trove of treasure.
 15691 | D:11     | Noticed a cyclops
 15697 | D:11     | Killed a cyclops
 15869 | D:11     | Reached XP level 12. HP: 77/77 MP: 15/22
 15960 | D:11     | Found a gate leading to a gauntlet.
 15985 | Gauntlet | Entered a Gauntlet
 15985 | Gauntlet | Found a transporter.
 15985 | Gauntlet | Found a transporter.
 16004 | Gauntlet | Found a transporter.
 16007 | Gauntlet | Found a transporter.
 16011 | Gauntlet | Found a runed translucent door.
 16013 | Gauntlet | Found a runed translucent door.
 16015 | Gauntlet | Found a transporter.
 16019 | Gauntlet | Found a transporter.
 16028 | Gauntlet | Found a transporter.
 16028 | Gauntlet | Noticed a wretched star
 16046 | Gauntlet | Found a transporter.
 16057 | Gauntlet | Found a transporter.
 16061 | Gauntlet | Found a transporter.
 16069 | Gauntlet | Found a transporter.
 16073 | Gauntlet | Found a transporter.
 16568 | Gauntlet | Reached skill level 11 in Earth Magic
 16904 | Gauntlet | Noticed a minotaur
 16920 | Gauntlet | Killed a minotaur
 17251 | D:11     | Found a staircase to the Lair.
 17579 | D:11     | Reached skill level 10 in Fighting
 18072 | D:11     | You fall into a shaft and drop 2 floors!
 18093 | D:12     | Noticed a two-headed ogre
 18098 | D:13     | Killed a two-headed ogre
 18099 | D:13     | Reached skill level 5 in Dodging
 18265 | D:12     | Noticed a boulder beetle
 18272 | D:12     | Killed a boulder beetle
 18600 | D:12     | Noticed Urug
 18623 | D:12     | Killed Urug
 19250 | D:12     | Noticed Frances
 19422 | D:12     | Reached skill level 12 in Earth Magic
 19478 | D:12     | Noticed Azrael
 19667 | Lair:1   | Entered Level 1 of the Lair of Beasts
 19677 | D:11     | Reached XP level 13. HP: 78/83 MP: 11/24
 20135 | Lair:1   | Noticed Nergalle
 20141 | Lair:1   | Killed Nergalle
 20839 | Lair:1   | Found the +18 Lear's hauberk
 21703 | Lair:2   | Found a staircase to the Snake Pit.
 21715 | Lair:2   | Reached skill level 13 in Earth Magic
 21800 | Lair:2   | Noticed Maggie
 21813 | Lair:2   | Killed Maggie
 22482 | Lair:2   | Reached skill level 10 in Conjurations
 23380 | Lair:3   | You fall into a shaft and drop 2 floors!
 23380 | Lair:5   | Entered Level 5 of the Lair of Beasts
 23432 | Lair:5   | Reached skill level 10 in Shields
 24116 | Lair:4   | Noticed Dory's ghost (journeyman MeEE)
 24117 | Lair:4   | Noticed a minotaur
 24153 | Lair:4   | Gained mutation: Your large and strong wings let you fly.
                  | [Gargoyle growth]
 24153 | Lair:4   | Reached XP level 14. HP: 90/90 MP: 25/25
 25010 | Lair:3   | Reached skill level 14 in Earth Magic
 25120 | Lair:3   | Found a staircase to the Swamp.
 25842 | Lair:4   | Found a viscous altar of Jiyva.
 25843 | Lair:4   | Found a staircase to the Slime Pits.
 26545 | Lair:4   | Found a runed translucent gate.
 26804 | Lair:4   | Found a runed translucent gate.
 26804 | Lair:4   | Found a runed translucent gate.
 27382 | Lair:4   | Offered knowledge of Ozocubu's Refrigeration by Vehumet.
 28634 | Lair:5   | Reached skill level 15 in Earth Magic
 29551 | Lair:5   | Reached XP level 15. HP: 79/96 MP: 6/26
 30311 | D:11     | HP: 4/96 [Frances/iron shot (30)]
 30675 | D:12     | Killed Azrael
 31980 | D:13     | Identified the +2 scale mail of Follow the Leader {Rampage
                  | rF+ MP+9}
 32080 | D:13     | Found a runed translucent door.
 32736 | D:13     | Offered knowledge of Lightning Bolt by Vehumet.
 33074 | D:13     | Found a gate to the Vaults.
 34993 | D:15     | Entered Level 15 of the Dungeon
 34998 | D:15     | Reached skill level 16 in Earth Magic
 36042 | D:15     | Offered knowledge of Irradiate by Vehumet.
 36340 | D:14     | Reached XP level 16. HP: 28/101 MP: 29/29
 36375 | D:14     | Mangled by a white ugly thing

Illustrated notes

Levels and vault maps discovered:
D:1:      lightli_arrival_chessboard, layout_rooms, serial_shops,
          nicolae_square_shop, chequers_ecumenical_altar_grove
D:2:      layout_loops_ring, basic_altar
D:3:      layout_basic, gammafunk_temple_overflow_arena,
          mainiacjoe_overflow_brackets, mainiacjoe_overflow_six_doors_small,
          uniq_pargi
D:4:      layout_basic, nicolae_yredelemnul_corpse_copse, temple_statues,
          uniq_duvessa
D:5:      layout_cave_pools, serial_gnoll_camp, gnoll_camp_mini_basic,
          gnoll_camp_medium_02, gnoll_camp_mini_basic, gnoll_camp_mini_doghouse,
          uniq_pikel
D:6:      layout_rooms, gammafunk_temple_overflow_forgotten, serial_glass,
          glass_columns_c, glass_columns_a, uniq_blork_the_orc
D:7:      layout_rooms, cheibrodos_ashenzari_chains, serial_shops,
          nicolae_shop_temple_entry_statues_fountains
D:8:      layout_basic, nicolae_hepliaklqana_hazy_memory, minivault_11,
          kennysheep_generic_room_8, uniq_erica, uniq_maurice
D:9:      okawaru_arena_lexackson, layout_gridville,
          nemelex_diamond_rough_becter, zombieorc2_lemuel, uniq_joseph,
          uniq_grum
D:10:     layout_irregular_city, lemuel_crystal_altar
D:11:     layout_basic, due_lair_maze_entry_diamond, enter_trove_2,
          gauntlet_entry_generic
D:12:     layout_gridville, grunt_decor_one_mirror, kennysheep_big_empty_room,
          uniq_urug, uniq_azrael, uniq_frances
D:13:     layout_roguey, david_vaults_5, minmay_crystal_box
D:14:     layout_basic, hangedman_abyss_or_decor_slice, grunt_ministairs_3,
          kennysheep_boxes
D:15:     grunt_enter_depths_magical_seal, layout_cave_pools,
          nicolae_cairo_tiling_large, cheibrodos_worm_habitat
Temple:   jpeg_temple_island
Lair:1:   layout_layer_cave, uniq_nergalle
Lair:2:   layout_loops_ring, guppyfry_snake_entry_garden, grunt_megastairs_4,
          serial_bayou_shore_b, uniq_maggie
Lair:3:   layout_cave_pods, swamp_mist, beast_lair_carwin_8, grunt_megastairs_2
Lair:4:   layout_cellular_growth, dpeg_slime_entry_enclosed,
          maelrawn_ghost_gauntlet_escape, minivault_24,
          grunt_forest_small_clearing_treed
Lair:5:   grunt_lair_end_beastmaster, layout_long_grid

Skill      XL: |  1  2  3  4  5  6  7  8  9 10 11 12 13 14 15 |
---------------+----------------------------------------------+-----
Fighting       | 1 2 3 4 5 6 7 8 9 10 11 12 | 12.0
Conjurations   | 1 2 3 4 5 6 8 10 12 13 | 13.4
Earth Magic    | 4 5 6 7 8 9 10 12 13 15 16 | 16.2
Shields        | 1 2 4 6 7 8 9 10 11 12 | 12.0
Spellcasting   | 3 4 6 7 9 |  9.1
Armour         | 2 5 6 7 8 9 |  9.8
Dodging        | 3 4 5 6 7 |  7.5
Stealth        | |  2.1
Transmutations | |  0.7

Action                   |  1- 3 |  4- 6 |  7- 9 | 10-12 | 13-15 | 16-18 || total
-------------------------+-------+-------+-------+-------+-------+-------++-------
Melee: Unarmed           |     7 |       |       |       |       |       ||     7
       Flail             |       |     4 |       |       |       |       ||     4
       Staff             |       |     9 |    19 |    19 |       |       ||    47
       Hand axe          |       |       |       |    89 |   361 |       ||   450
 Cast: Sandblast         |    38 |    82 |   191 |   198 |   106 |       ||   615
       Stone Arrow       |       |       |    28 |   264 |   243 |       ||   535
       Iron Shot         |       |       |       |     1 |   245 |       ||   246
Evoke: Wand              |       |       |       |       |     1 |       ||     1
  Use: Scroll            |       |     8 |     3 |    11 |    15 |       ||    37
       Potion            |       |       |       |     4 |     8 |       ||    12
Armor: Robe              |    10 |    20 |    20 |   101 |       |       ||   151
       Leather armour    |       |       |    61 |     2 |       |       ||    63
       Ring mail         |       |       |       |   101 |   427 |       ||   528
       Scale mail        |       |       |       |       |    71 |     3 ||    74
Dodge: Dodged            |    39 |    30 |   111 |   184 |   420 |     5 ||   789
Block: Buckler           |       |    11 |    49 |    44 |       |       ||   104
       Kite shield       |       |       |       |   171 |   605 |     9 ||   785

Table legend: (Time is in decaauts)
 A = Elapsed time spent in this place.
 B = Non-inter-level travel time spent in this place.
 C = Inter-level travel time spent in this place.
 D = Time resting spent in this place.
 E = Time spent auto-exploring this place.
 F = Levels seen in this place.
 G = Mean time per level.
                   A        B        C        D        E       F      G
               +--------+--------+--------+--------+--------+-----+--------+
         Total |  36903 |  36249 |    654 |  15671 |  13544 |  22 | 1677.4 |
       Dungeon |  25126 |  24784 |    342 |  10722 |   9505 |  15 | 1675.1 |
        Temple |     72 |     41 |     31 |      0 |     35 |   1 |   72.0 |
          Lair |  10465 |  10184 |    281 |   4229 |   3984 |   5 | 2093.0 |
      Gauntlet |   1238 |   1238 |      0 |    720 |     20 |   1 | 1238.0 |
               +--------+--------+--------+--------+--------+-----+--------+

Top non-repeatable levels by time:
  Lair:4: 3141 daAuts
     D:9: 2632 daAuts
  Lair:5: 2545 daAuts
    D:11: 2515 daAuts
     D:4: 2146 daAuts
     D:5: 2000 daAuts
    D:14: 1937 daAuts
    D:12: 1922 daAuts
     D:8: 1907 daAuts
    D:13: 1755 daAuts
  Lair:2: 1742 daAuts
  Lair:1: 1731 daAuts
     D:7: 1485 daAuts
  Lair:3: 1305 daAuts
     D:6: 1293 daAuts
